TOP OF THE 1ST |
Put-In-Bay BC batting - Pitching for Bellevue Bruins : RHP Roosevelt Guimond
|
Pitching: RHP Roosevelt Guimond
|
|
Batting: SHB Júlio Pérez
|
0-0: Ball 1-0: Called Strike 1-1: Ball 2-1: Ground out 4-3 (Groundball, 4)
|
Batting: RHB Mark Keys
|
0-0: Ball 1-0: Foul Ball, location: 2F 1-1: Foul Ball, location: 2F 1-2: Strikes out swinging
|
Batting: LHB Tural Bishara
|
0-0: Ball 1-0: Fly out, F3 (Line Drive, 4)
|
Top of the 1st over - 0 run(s), 0 hit(s), 0 error(s), 0 left on base; Put-In-Bay 0 - Bellevue 0 |
BOTTOM OF THE 1ST |
Bellevue Bruins batting - Pitching for Put-In-Bay BC : RHP Benjamin Busto
|
Pitching: RHP Benjamin Busto
|
|
Batting: LHB Domingo Colón
|
0-0: Ball 1-0: Ball 2-0: Fly out, F6 (Popup, 56)
|
Batting: RHB Eugene Parkinson
|
0-0: Called Strike 0-1: Swinging Strike 0-2: Ball 1-2: Ball 2-2: Ball 3-2: Reached on error, E5 (Groundball, 56)
|
Batting: RHB Alberto Lastaneda
|
0-0: Fly out, F9 (Flyball, 9)
|
Batting: LHB Lorenzo Díaz
|
0-0: Called Strike 0-1: Foul Ball, location: 2F 0-2: Foul Ball, location: 2F 0-2: Ball 1-2: Ball 2-2: Ball 3-2: Base on Balls Eugene Parkinson to second
|
Batting: RHB Miguel Elías
|
0-0: Ball 1-0: Called Strike 1-1: Swinging Strike 1-2: Strikes out swinging
|
Bottom of the 1st over - 0 run(s), 0 hit(s), 1 error(s), 2 left on base; Put-In-Bay 0 - Bellevue 0 |
TOP OF THE 2ND |
Put-In-Bay BC batting - Pitching for Bellevue Bruins : RHP Roosevelt Guimond
|
Batting: RHB Alan McLennan
|
0-0: Called Strike 0-1: Swinging Strike 0-2: Strikes out swinging
|
Batting: SHB Eugene Clutch
|
0-0: Called Strike 0-1: Ball 1-1: Ball 2-1: Foul Ball, location: 2F 2-2: Ball 3-2: Ground out 6-3 (Groundball, 6)
|
Batting: RHB Sameen Shaw
|
0-0: Ball 1-0: Called Strike 1-1: Called Strike 1-2: Strikes out looking
|
Top of the 2nd over - 0 run(s), 0 hit(s), 0 error(s), 0 left on base; Put-In-Bay 0 - Bellevue 0 |
BOTTOM OF THE 2ND |
Bellevue Bruins batting - Pitching for Put-In-Bay BC : RHP Benjamin Busto
|
Batting: LHB Phil Minor
|
0-0: Ball 1-0: Swinging Strike 1-1: Ball 2-1: Foul Ball, location: 2F 2-2: Ball 3-2: Fly out, F8 (Flyball, 8LM)
|
Batting: LHB David Muller
|
0-0: Called Strike 0-1: Ball 1-1: Ground out 1-3 (Groundball, 15S)
|
Batting: RHB Jim Unknown
|
0-0: Fly out, F7 (Flyball, 78D)
|
Bottom of the 2nd over - 0 run(s), 0 hit(s), 0 error(s), 0 left on base; Put-In-Bay 0 - Bellevue 0 |
TOP OF THE 3RD |
Put-In-Bay BC batting - Pitching for Bellevue Bruins : RHP Roosevelt Guimond
|
Batting: RHB Lou Lumsden
|
0-0: Foul Ball, location: 2F 0-1: Ball 1-1: Ball 2-1: Foul Ball, location: 2F 2-2: Foul Ball, location: 2F 2-2: Ball 3-2: Foul Ball, location: 2F 3-2: Foul Ball, location: 2F 3-2: Foul Ball, location: 2F 3-2: Foul Ball, location: 2F 3-2: Fly out, F9 (Flyball, 9S)
|
Batting: LHB Francisco Alfaro
|
0-0: Ball 1-0: Foul Ball, location: 2F 1-1: Ball 2-1: SINGLE (Line Drive, 8RS)
|
Batting: RHB Ryan French
|
0-0: Called Strike 0-1: Swinging Strike 0-2: Strikes out swinging
|
Batting: SHB Júlio Pérez
|
0-0: Foul Ball, location: 2F 0-1: Ball 1-1: Ball Wild Pitch! Francisco Alfaro to second 2-1: Ball 3-1: Base on Balls
|
Batting: RHB Mark Keys
|
0-0: Called Strike 0-1: Ball 1-1: Ground out 1-3 (Groundball, 15S)
|
Top of the 3rd over - 0 run(s), 1 hit(s), 0 error(s), 2 left on base; Put-In-Bay 0 - Bellevue 0 |
BOTTOM OF THE 3RD |
Bellevue Bruins batting - Pitching for Put-In-Bay BC : RHP Benjamin Busto
|
Batting: LHB Juan Romero
|
0-0: Ball 1-0: Bunted foul 1-1: Ground out 4-3 (Groundball, 4)
|
Batting: LHB Domingo Colón
|
0-0: Ball 1-0: Ball 2-0: Ball 3-0: Called Strike 3-1: Foul Ball, location: 2F 3-2: Base on Balls
|
Batting: RHB Eugene Parkinson
|
0-0: Ball 1-0: Ball 2-0: Fly out, F8 (Flyball, 8LM)
|
Batting: RHB Alberto Lastaneda
|
0-0: Called Strike 0-1: Foul Ball, location: 2F 0-2: Ball 1-2: Fielders Choice at 2nd, 6-4 (Groundball, 6)
|
Bottom of the 3rd over - 0 run(s), 0 hit(s), 0 error(s), 0 left on base; Put-In-Bay 0 - Bellevue 0 |
TOP OF THE 4TH |
Put-In-Bay BC batting - Pitching for Bellevue Bruins : RHP Roosevelt Guimond
|
Batting: LHB Tural Bishara
|
0-0: Ball 1-0: Foul Ball, location: 2F 1-1: Foul Ball, location: 2F 1-2: Strikes out looking
|
Batting: RHB Alan McLennan
|
0-0: Foul Ball, location: 2F 0-1: Foul Ball, location: 2F 0-2: SINGLE (Line Drive, 89S)
|
Batting: SHB Eugene Clutch
|
0-0: Called Strike 0-1: Called Strike 0-2: Foul Ball, location: 2F 0-2: Ball 1-2: Strikes out looking
|
Batting: RHB Sameen Shaw
|
0-0: Called Strike 0-1: Fielders Choice at 2nd, 6-4 (Groundball, 6)
|
Top of the 4th over - 0 run(s), 1 hit(s), 0 error(s), 0 left on base; Put-In-Bay 0 - Bellevue 0 |
BOTTOM OF THE 4TH |
Bellevue Bruins batting - Pitching for Put-In-Bay BC : RHP Benjamin Busto
|
Batting: LHB Lorenzo Díaz
|
0-0: Called Strike 0-1: Ball 1-1: Swinging Strike 1-2: Ball 2-2: Ball 3-2: DOUBLE (Groundball, 3L)
|
Batting: RHB Miguel Elías
|
0-0: Fly out, F4 (Line Drive, 4)
|
Batting: LHB Phil Minor
|
0-0: Ball 1-0: Called Strike 1-1: Ball Passed Ball! Lorenzo Díaz to third 2-1: Swinging Strike 2-2: Fly out, F7 (Flyball, 7) Runner from 3rd tags up, SCORES, throw made
|
Batting: LHB David Muller
|
0-0: Called Strike 0-1: Fly out, F8 (Flyball, 8RM)
|
Bottom of the 4th over - 1 run(s), 1 hit(s), 0 error(s), 0 left on base; Put-In-Bay 0 - Bellevue 1 |
TOP OF THE 5TH |
Put-In-Bay BC batting - Pitching for Bellevue Bruins : RHP Roosevelt Guimond
|
Batting: RHB Lou Lumsden
|
0-0: Ground out 6-3 (Groundball, 6)
|
Batting: LHB Francisco Alfaro
|
0-0: Ball 1-0: Called Strike 1-1: Bunt for hit - play at first, batter OUT! 1-3
|
Batting: RHB Ryan French
|
0-0: SINGLE (Line Drive, 4MD)
|
Batting: SHB Júlio Pérez
|
0-0: Called Strike 0-1: Ball 1-1: Ball 2-1: Swinging Strike 2-2: Strikes out looking
|
Top of the 5th over - 0 run(s), 1 hit(s), 0 error(s), 1 left on base; Put-In-Bay 0 - Bellevue 1 |
BOTTOM OF THE 5TH |
Bellevue Bruins batting - Pitching for Put-In-Bay BC : RHP Benjamin Busto
|
Batting: RHB Jim Unknown
|
0-0: Ball 1-0: Ball 2-0: Called Strike 2-1: Fly out, F8 (Flyball, 78XD)
|
Batting: LHB Juan Romero
|
0-0: Called Strike 0-1: Ball 1-1: Foul Ball, location: 2F 1-2: Foul Ball, location: 2F 1-2: Ground out 6-3 (Groundball, 6MS)
|
Batting: LHB Domingo Colón
|
0-0: Fly out, F5 (Popup, 5L)
|
Bottom of the 5th over - 0 run(s), 0 hit(s), 0 error(s), 0 left on base; Put-In-Bay 0 - Bellevue 1 |
TOP OF THE 6TH |
Put-In-Bay BC batting - Pitching for Bellevue Bruins : RHP Roosevelt Guimond
|
Batting: RHB Mark Keys
|
0-0: Fly out, F7 (Line Drive, 78M)
|
Batting: LHB Tural Bishara
|
0-0: Swinging Strike 0-1: Ball 1-1: Ground out 2-3 (Groundball, 2R)
|
Batting: RHB Alan McLennan
|
0-0: Foul Ball, location: 2F 0-1: Ball 1-1: Ball 2-1: Ball 3-1: Base on Balls
|
Pitching: RHP Tyrique McGhee
|
|
Batting: SHB Eugene Clutch
|
0-0: Ball 1-0: Ball 2-0: Swinging Strike 2-1: Swinging Strike 2-2: Foul Ball, location: 2F 2-2: Foul Ball, location: 2F 2-2: Ball 3-2: Strikes out looking
|
Top of the 6th over - 0 run(s), 0 hit(s), 0 error(s), 1 left on base; Put-In-Bay 0 - Bellevue 1 |
BOTTOM OF THE 6TH |
Bellevue Bruins batting - Pitching for Put-In-Bay BC : RHP Benjamin Busto
|
Batting: RHB Eugene Parkinson
|
0-0: Ball 1-0: Foul Ball, location: 2F 1-1: Ground out 6-3 (Groundball, 6)
|
Batting: RHB Alberto Lastaneda
|
0-0: Ball 1-0: Ball 2-0: Ground out 5-3 (Groundball, 5L)
|
Batting: LHB Lorenzo Díaz
|
0-0: Ground out 4-3 (Groundball, 4)
|
Bottom of the 6th over - 0 run(s), 0 hit(s), 0 error(s), 0 left on base; Put-In-Bay 0 - Bellevue 1 |
TOP OF THE 7TH |
Put-In-Bay BC batting - Pitching for Bellevue Bruins : RHP Tyrique McGhee
|
Batting: RHB Sameen Shaw
|
0-0: Ground out 4-3 (Groundball, 4M)
|
Batting: RHB Lou Lumsden
|
0-0: Ball 1-0: Ball 2-0: Foul Ball, location: 2F 2-1: Swinging Strike 2-2: Strikes out swinging
|
Batting: LHB Francisco Alfaro
|
0-0: Ball 1-0: SINGLE (Groundball, 34D)
|
Batting: RHB Ryan French
|
0-0: SINGLE (Groundball, 6MD) Francisco Alfaro to second Runner from 2nd tries for 3rd, SAFE, throw made to third
|
Pinch Hitting: RHB Jim Unknown
|
0-0: Foul Ball, location: 2F 0-1: Called Strike 0-2: Ball Wild Pitch! Francisco Alfaro scores Ryan French to second 1-2: Ball 2-2: Strikes out swinging
|
Top of the 7th over - 1 run(s), 2 hit(s), 0 error(s), 1 left on base; Put-In-Bay 1 - Bellevue 1 |
BOTTOM OF THE 7TH |
Bellevue Bruins batting - Pitching for Put-In-Bay BC : RHP Benjamin Busto
|
Now in LF: Vladya Pugiev
|
|
Batting: RHB Miguel Elías
|
0-0: Ball 1-0: Swinging Strike 1-1: Ball 2-1: Foul Ball, location: 2F 2-2: Ball 3-2: Foul Ball, location: 2F 3-2: SINGLE (Line Drive, 4MD)
|
Batting: LHB Phil Minor
|
0-0: Bunted foul 0-1: Bunt missed! 0-2: Ball 1-2: Ball 2-2: Foul Ball, location: 2F 2-2: Ball 3-2: SINGLE (Groundball, 34D) Miguel Elías to second Runner from 2nd tries for 3rd, SAFE, throw made to third
|
Batting: LHB David Muller
|
0-0: Ball 1-0: Ball 2-0: Called Strike 2-1: Foul Ball, location: 2F 2-2: Ball 3-2: Fly out, F6 (Line Drive, 6)
|
Batting: RHB Jim Unknown
|
0-0: Ball 1-0: Called Strike 1-1: Ground out 5-3 (Groundball, 56S) Phil Minor to second
|
Pinch Hitting: LHB Jim Unknown
|
0-0: Ball 1-0: Ball 2-0: Foul Ball, location: 2F 2-1: Ball 3-1: Base on Balls
|
Batting: LHB Domingo Colón
|
0-0: Called Strike 0-1: Ground out 4-3 (Groundball, 4D)
|
Bottom of the 7th over - 0 run(s), 2 hit(s), 0 error(s), 3 left on base; Put-In-Bay 1 - Bellevue 1 |
TOP OF THE 8TH |
Put-In-Bay BC batting - Pitching for Bellevue Bruins : RHP Tyrique McGhee
|
Now at 1B: Jim Unknown
|
|
Batting: RHB Mark Keys
|
0-0: Swinging Strike 0-1: Foul Ball, location: 2F 0-2: Ball 1-2: Ground out 6-3 (Groundball, 6)
|
Batting: LHB Tural Bishara
|
0-0: Foul Ball, location: 2F 0-1: Ball 1-1: Ball 2-1: Called Strike 2-2: Ball 3-2: Strikes out swinging
|
Batting: RHB Alan McLennan
|
0-0: Ball 1-0: Called Strike 1-1: Foul Ball, location: 2F 1-2: Strikes out swinging
|
Top of the 8th over - 0 run(s), 0 hit(s), 0 error(s), 0 left on base; Put-In-Bay 1 - Bellevue 1 |
BOTTOM OF THE 8TH |
Bellevue Bruins batting - Pitching for Put-In-Bay BC : RHP Benjamin Busto
|
Batting: RHB Eugene Parkinson
|
0-0: Ball 1-0: Called Strike 1-1: Ball 2-1: SINGLE (Flyball, 8LS)
|
Pinch Hitting: RHB Sancho Tornero
|
0-0: Ball 1-0: Called Strike 1-1: Ball 2-1: Ground out 4-3 (Groundball, 34) Eugene Parkinson to second
|
Pitching: RHP Tupac Blanch
|
|
Batting: LHB Lorenzo Díaz
|
0-0: Called Strike 0-1: Ball 1-1: Swinging Strike 1-2: Strikes out swinging, 2-3 out at first.
|
Batting: RHB Miguel Elías
|
0-0: Ball 1-0: Called Strike 1-1: Called Strike 1-2: Strikes out looking
|
Bottom of the 8th over - 0 run(s), 1 hit(s), 0 error(s), 1 left on base; Put-In-Bay 1 - Bellevue 1 |
TOP OF THE 9TH |
Put-In-Bay BC batting - Pitching for Bellevue Bruins : RHP Tyrique McGhee
|
Pitching: RHP Jin Kwon
|
|
Now in LF: Jorge Ayala
|
|
Batting: SHB Eugene Clutch
|
0-0: Swinging Strike 0-1: Called Strike 0-2: Ball 1-2: Foul Ball, location: 2F 1-2: Ball 2-2: Ball 3-2: Fly out, F7 (Flyball, 7)
|
Batting: RHB Sameen Shaw
|
0-0: Ball 1-0: Swinging Strike 1-1: Swinging Strike 1-2: Foul Ball, location: 2F 1-2: Ball 2-2: Foul Ball, location: 2F 2-2: Strikes out swinging
|
Batting: RHB Lou Lumsden
|
0-0: Foul Ball, location: 2F 0-1: Ball 1-1: Foul Ball, location: 2F 1-2: Ball 2-2: Fly out, F8 (Flyball, 8RXD)
|
Top of the 9th over - 0 run(s), 0 hit(s), 0 error(s), 0 left on base; Put-In-Bay 1 - Bellevue 1 |
BOTTOM OF THE 9TH |
Bellevue Bruins batting - Pitching for Put-In-Bay BC : RHP Tupac Blanch
|
Batting: LHB Phil Minor
|
0-0: Foul Ball, location: 2F 0-1: Swinging Strike 0-2: Foul Ball, location: 2F 0-2: Strikes out swinging
|
Batting: LHB David Muller
|
0-0: Ball 1-0: Ball 2-0: Ball 3-0: Base on Balls
|
Batting: RHB Jim Unknown
|
0-0: Swinging Strike 0-1: Ball 1-1: Ball 2-1: Swinging Strike 2-2: Foul Ball, location: 2F 2-2: Strikes out looking
|
Batting: LHB Jim Unknown
|
0-0: Ball 1-0: Ball 2-0: Fly out, F6 (Popup, 6D)
|
Bottom of the 9th over - 0 run(s), 0 hit(s), 0 error(s), 1 left on base; Put-In-Bay 1 - Bellevue 1 |
TOP OF THE 10TH |
Put-In-Bay BC batting - Pitching for Bellevue Bruins : RHP Jin Kwon
|
Batting: LHB Francisco Alfaro
|
0-0: Swinging Strike 0-1: Ball 1-1: Foul Ball, location: 2F 1-2: Foul Ball, location: 2F 1-2: Foul Ball, location: 2F 1-2: Ball 2-2: SINGLE (Flyball, 9S)
|
Pinch Hitting: LHB Vicente Castaneda
|
0-0: Sac Bunt - play at first, batter OUT! 1-4 Francisco Alfaro to second
|
Pinch Hitting: RHB Angus Watts
|
0-0: Ball 1-0: Ball 2-0: Called Strike 2-1: Foul Ball, location: 2F 2-2: Foul Ball, location: 2F 2-2: Fly out, F9 (Flyball, 9LS)
|
Batting: RHB Mark Keys
|
0-0: Called Strike 0-1: Foul Ball, location: 2F 0-2: Foul Ball, location: 2F 0-2: Ball 1-2: Foul Ball, location: 2F 1-2: Ball 2-2: Ball 3-2: DOUBLE (Line Drive, 9LM) Francisco Alfaro scores
|
Batting: LHB Tural Bishara
|
0-0: Called Strike 0-1: Ball 1-1: Ball 2-1: Ball 3-1: Called Strike 3-2: Ground out U3 (Groundball, 34)
|
Top of the 10th over - 1 run(s), 2 hit(s), 0 error(s), 1 left on base; Put-In-Bay 2 - Bellevue 1 |
BOTTOM OF THE 10TH |
Bellevue Bruins batting - Pitching for Put-In-Bay BC : RHP Tupac Blanch
|
Pitching: RHP Joaquin Farias
|
|
Now at 1B: Angus Watts
|
|
Now in RF: Oscar McMillan
|
|
Batting: LHB Domingo Colón
|
0-0: Foul Ball, location: 2F
|
Now in LF: Vicente Castaneda
|
0-1: Ball 1-1: Ground out 4-3 (Groundball, 4)
|
Batting: RHB Eugene Parkinson
|
0-0: Ball 1-0: Ball 2-0: Ball 3-0: Called Strike 3-1: Ground out 6-3 (Groundball, 6)
|
Pinch Hitting: LHB Jim Unknown
|
0-0: Called Strike 0-1: Ground out U3 (Groundball, 34)
|
Bottom of the 10th over - 0 run(s), 0 hit(s), 0 error(s), 0 left on base; Put-In-Bay 2 - Bellevue 1 |
|